AoeStats
← gcsamjw

African Clearing

510650960Analyzed
2v2 RM · 2d ago on Oct 2, 2026· 28m 30s· 4 players
Game mode
Random Map
Map size
Medium (4 player)
Population
200
Speed
Normal
Resources
Standard
Victory
Conquest
Starting age
Dark Age
Ending age
Imperial Age
RankedLock teamsTeams togetherTeam positionsShared explorationLock speedFull tech treeHidden civsTurbo modeCheats
Victory
Defeat
🇺🇸 Hindustanis · United States
1022
+14
🇺🇸 Mongols · United States
1013
+14
🇺🇸 Persians · United States
1051
-17
🇺🇸 Vikings · United States
897
-27
gcsamjw
12:21 Feudal Age
10:43 Loom
12:28 Feudal Age
13:27 Double-Bit Axe
24:35 Castle Age
26:33 Horse Collar
27:21 Bow Saw
29:13 Forging
Blenderdaddy
9:15 Loom
12:43 Feudal Age
19:14 Castle Age
19:42 Bloodlines
Jawsh
8:53 Loom
21:13 Feudal Age
21:39 Double-Bit Axe
28:02 Castle Age
conner
14:21 Feudal Age
16:04 Double-Bit Axe
22:18 Fishing Lines
25:44 Castle Age
25:09 Gold Mining
28:05 Gillnets
28:12 Gillnets
28:01 Pikeman
Connection lost

Rejoining the realm…

Still unreachable

The connection could not be restored.

Session expired

The server has moved on; the page needs a fresh start.